 Dungeon Crawl Stone Soup version 0.26.0-10-g1f06aea511 (webtiles) character file.

Game seed: 7323826913818862688

12685 Borgoz the Carver (level 11, -7/95 HPs)
             Began as a Ghoul Gladiator on Jan 31, 2021.
             Was a High Priest of Dithmenos.
             Mangled by a komodo dragon (31 damage)
             ... on level 11 of the Dungeon.
             The game lasted 00:38:26 (16221 turns).

Borgoz the Carver (Ghoul Gladiator)                Turns: 16221, Time: 00:38:27

Health: -7/95      AC: 10    Str: 19    XL:     11   Next: 97%
Magic:  10/10      EV: 16    Int:  3    God:    Dithmenos [*****.]
Gold:   1088       SH:  5    Dex: 13    Spells: 10/10 levels left

rFire    + + .     SeeInvis .   a - +5 long sword (pain)
rCold    + . .     Faith    .   o - +0 buckler
rNeg     + + +     Spirit   .   C - +1 leather armour {rF+}
rPois    ∞         Reflect  .   n - +2 helmet
rElec    .         Harm     +   d - scarf {harm}
rCorr    .         Rampage  .   (no gloves)
Will     .....                  g - +0 pair of boots
Stlth    +.........             (no amulet)
HPRegen  0.00/turn              j - +4 ring of protection
MPRegen  0.12/turn              w - ring of protection from fire

@: about to teleport, corroded, wreathed by umbra
A: claws 1, cold resistance 1, negative energy resistance 3, inhibited
regeneration, torment resistance, unbreathing
a: Renounce Religion, Shadow Step, Shadow Form


You were on level 11 of the Dungeon.
You worshipped Dithmenos.
Dithmenos was extremely pleased with you.
You visited 2 branches of the dungeon, and saw 12 of its levels.
You also visited: Sewer and Bailey.

You collected 1088 gold pieces.

Inventory:

Hand Weapons
 a - a +5 long sword of pain (weapon)
 b - a +4 scimitar of flaming
Armour
 d - a scarf of harm (worn)
 g - a +0 pair of boots (worn)
 n - a +2 helmet (worn)
 o - a +0 buckler (worn)
 C - a +1 leather armour of fire resistance (worn)
Jewellery
 j - a +4 ring of protection (left claw)
 l - an uncursed ring of protection from fire
 w - a ring of protection from fire (right claw)
Wands
 m - a wand of flame (7)
 p - a wand of iceblast (12)
 t - a wand of disintegration (11)
Scrolls
 c - a scroll of fog
 e - 2 scrolls of remove curse
 f - 3 scrolls of blinking
 h - 3 scrolls of identify
 i - a scroll of teleportation
 u - 3 scrolls of magic mapping
Potions
 k - a potion of haste
 q - 2 potions of might
 r - a potion of brilliance
 s - a potion of magic


   Skills:
 + Level 8.3 Fighting
 * Level 10.0 Long Blades
 - Level 1.7 Throwing
 * Level 9.5 Armour
 * Level 8.0 Dodging
 - Level 4.0 Shields


You had 10 spell levels left.
You didn't know any spells.
Your spell library contained the following spells:

 Spells                   Type           Power        Failure   Level
 Animate Skeleton         Necr           0%           56%         1
 Apportation              Tloc           0%           56%         1
 Corona                   Hex            0%           56%         1
 Summon Small Mammal      Summ           0%           56%         1


Dungeon Overview and Level Annotations

Branches:
Dungeon (11/15)            Temple (1/1) D:7           Sewer (visited)
 Bailey (visited)
   Lair: D:8-11         Orc: D:9-12

Altars:
Ashenzari
Cheibriados
Dithmenos
Elyvilon
Fedhas
Gozag
Hepliaklqana
Kikubaaqudgha
Makhleb
Nemelex Xobeh
Okawaru
Qazlal
Ru
Sif Muna
Trog
Uskayaw
Vehumet
Wu Jian
Xom
Yredelemnul
Zin
The Shining One


Innate Abilities, Weirdness & Mutations

You thrive by killing the living.
You are immune to poison.
You have sharp fingernails.
Your flesh is cold resistant. (rC+)
You are immune to negative energy. (rN+++)
You do not regenerate when monsters are visible.
You are immune to unholy pain and torment.
You can survive without breathing.


Message History

The acid dragon misses you.
You riposte.
You slash the acid dragon!
The acid dragon is heavily wounded.
The acid dragon barely misses you.
The komodo dragon bites you but does no damage.
You block the iguana's attack.
You slash the iguana!
The iguana is severely wounded.
The iguana closely misses you. The acid dragon bites you!
The acid dragon claws you.
The komodo dragon hisses menacingly.
The komodo dragon barely misses you.
The iguana bites you but does no damage.
You closely miss the iguana.
The iguana is severely wounded.
The iguana bites you but does no damage.
The acid dragon bites you.
* * * LOW HITPOINT WARNING * * *
The acid dragon claws you but does no damage.
The komodo dragon bites you!!
You die...

#..........
####.......... #
#≈##.......... # #.
##≈##.(........ #≈ #≈
#≈≈##..........
.#≈≈#≈####≈≈##..........
.≈≈≈≈≈≈l≈≈≈≈###'########
#≈≈≈;llD...# #.#
#≈#≈≈#@###†# #.# # #l#
#†###.# .l# #..##.# #..#
#.....# ..## #.#.#.# #.#
#.#.#.# .. ###.#.# ...
#.#.# #.#>.


You could see a komodo dragon, an acid dragon (catching breath), 2 iguanas, an
electric eel, a leopard gecko and a frilled lizard.

Vanquished Creatures
  Erica (D:8)
  Pikel (D:6)
  An ugly thing (D:10)
  An orc knight (Bailey)
  The ghost of puimuR the Cleaver, an amateur HOMo (D:6)
  3 trolls (D:9)
  A merfolk (D:9)
  Grinder (D:3)
  Sigmund (D:4)
  13 yaks
  Edmund (D:5)
  Menkaure (D:7)
  11 orc warriors
  Duvessa (D:5)
  2 ice beasts
  A black bear (D:10)
  3 necrophages
  A phantom (D:5)
  3 sky beasts
  7 ogres
  6 centaurs
  2 big kobolds
  Blork the orc (D:6)
  10 bullfrogs
  A gnoll sergeant (D:9)
  Dowan (D:5)
  3 killer bees (D:10)
  7 scorpions
  5 wights
  4 howler monkeys
  9 electric eels
  A centaur zombie (D:6)
  9 hounds
  4 jellies
  4 orc priests
  3 centaur skeletons
  Ijyb (D:5)
  Crazy Yiuf (D:3)
  Jessica (D:3)
  3 iguanas
  7 orc wizards
  6 worker ants
  2 killer bee zombies
  3 hound skeletons
  Robin (D:2)
  A worker ant zombie (D:5)
  10 gnolls
  A howler monkey skeleton (D:5)
  7 river rats
  18 adders
  2 shadow imps (D:7)
  3 white imps
  An ufetubus (D:7)
  4 oozes
  An adder zombie (D:9)
  An adder skeleton (D:4)
  3 worms
  3 dart slugs
  6 leopard geckos
  37 orcs
  17 bats
  6 giant cockroaches
  25 goblins
  12 hobgoblins
  13 jackals
  30 kobolds
  4 quokkas
  11 ball pythons
  12 frilled lizards
  A leopard gecko skeleton (D:8)
  31 rats
410 creatures vanquished.

Vanquished Creatures (others)
  2 orcs (D:8)
  A frilled lizard (D:11)
  A kobold (D:8)
  24 plants (D:7)
28 creatures vanquished.

Grand Total: 438 creatures vanquished

Notes
Turn   | Place    | Note
-------+----------+-------------------------------------------
     0 | D:1      | Borgoz the Ghoul Gladiator began the quest for the Orb.
     0 | D:1      | Reached XP level 1. HP: 17/17 MP: 0/0
   118 | D:1      | Reached XP level 2. HP: 24/25 MP: 1/1
   262 | D:1      | Reached skill level 1 in Armour
   305 | D:1      | Reached skill level 3 in Long Blades
   433 | D:1      | Reached XP level 3. HP: 26/30 MP: 2/2
   462 | D:1      | Found a glowing golden altar of the Shining One.
  1135 | D:2      | Reached XP level 4. HP: 34/37 MP: 3/3
  1235 | D:2      | Noticed Robin
  1262 | D:2      | Killed Robin
  1479 | D:2      | Found a burning altar of Makhleb.
  1652 | D:2      | Found a blossoming altar of Fedhas.
  1920 | D:2      | Reached XP level 5. HP: 44/45 MP: 4/4
  1978 | D:3      | Noticed Grinder
  1987 | D:3      | Paralysed by Grinder for 5 turns
  1991 | D:3      | Noticed Jessica
  1996 | D:3      | Killed Grinder
  1997 | D:3      | Reached skill level 4 in Long Blades
  1997 | D:3      | Reached skill level 1 in Shields
  1997 | D:3      | Reached XP level 6. HP: 50/51 MP: 5/5
  1999 | D:3      | Killed Jessica
  2035 | D:3      | Found a runed translucent door.
  2036 | D:3      | Noticed Crazy Yiuf
  2975 | D:3      | Reached XP level 7. HP: 58/58 MP: 6/6
  3209 | D:3      | Killed Crazy Yiuf
  3397 | D:4      | Noticed Sigmund
  3415 | D:4      | Killed Sigmund
  3499 | D:4      | Found a glowing golden altar of the Shining One.
  3884 | D:5      | Entered Level 5 of the Dungeon
  3904 | D:5      | Reached skill level 5 in Long Blades
  3924 | D:5      | Reached XP level 8. HP: 47/67 MP: 7/7
  4174 | D:5      | Noticed Ijyb
  4184 | D:5      | Killed Ijyb
  4432 | D:5      | Found a glowing silver altar of Zin.
  4432 | D:5      | Noticed an angel
  4469 | D:5      | Found a bloodstained altar of Trog.
  4476 | D:5      | Found a glowing drain.
  4476 | D:5      | Noticed Edmund
  4531 | D:5      | Killed Edmund
  4532 | D:5      | Reached skill level 5 in Armour
  4537 | D:5      | Reached skill level 5 in Fighting
  4571 | Sewer    | Entered a sewer
  4885 | Sewer    | Reached skill level 6 in Long Blades
  5069 | Sewer    | Reached XP level 9. HP: 35/74 MP: 8/8
  5355 | D:5      | Found the +10 zealot's sword {holy, *Rage rN+ EV+3}
  5355 | D:5      | Noticed Dowan
  5355 | D:5      | Noticed Duvessa
  5412 | D:5      | Killed Duvessa
  5439 | D:5      | Killed Dowan
  5713 | D:5      | Found an ancient bone altar of Kikubaaqudgha.
  5716 | D:5      | Found a shadowy altar of Dithmenos.
  5719 | D:5      | Found an iron altar of Okawaru.
  5725 | D:5      | Became a worshipper of Dithmenos the Shadowed
  6132 | D:6      | Reached skill level 5 in Dodging
  6216 | D:6      | Found a runed translucent door.
  6248 | D:6      | Noticed puimuR's ghost (amateur HOMo)
  6316 | D:6      | Killed puimuR's ghost
  6316 | D:6      | Reached * piety under Dithmenos
  6707 | D:6      | Noticed Pikel
  6738 | D:6      | HP: 3/75 [lemure[Pikel] (8)]
  6761 | D:6      | Killed Pikel
  6762 | D:6      | Reached skill level 7 in Long Blades
  6767 | D:6      | Reached XP level 10. HP: 40/83 MP: 9/9
  7146 | D:6      | Noticed Blork the orc
  7157 | D:6      | Killed Blork the orc
  7345 | D:7      | Noticed Menkaure
  7348 | D:7      | Found a staircase to the Ecumenical Temple.
  7355 | D:7      | Killed Menkaure
  7414 | Temple   | Entered the Ecumenical Temple
  7600 | D:7      | Reached skill level 8 in Long Blades
  7629 | D:7      | Found an ornate altar of the Wu Jian Council.
  7782 | D:7      | Reached ** piety under Dithmenos
  8458 | D:7      | Found a shimmering altar of Xom.
  9531 | D:8      | Noticed Erica
  9559 | D:8      | Killed Erica
 10152 | D:8      | Reached *** piety under Dithmenos
 10393 | D:8      | HP: 1/86 [electric eel/bolt of electricity (9)]
 11058 | D:9      | Found a flagged portal.
 11068 | D:9      | Reached XP level 11. HP: 92/92 MP: 10/10
 11110 | Bailey   | Entered a bailey
 11160 | Bailey   | HP: 4/92 [orc warrior/silver boomerang (1)]
 11604 | Bailey   | Noticed an orc knight
 11608 | Bailey   | Reached skill level 9 in Long Blades
 11624 | Bailey   | Killed an orc knight
 12064 | Bailey   | Reached **** piety under Dithmenos
 14255 | D:10     | Entered Level 10 of the Dungeon
 14998 | D:10     | Reached ***** piety under Dithmenos
 15506 | D:10     | Noticed a brown ugly thing
 15523 | D:10     | Killed a brown ugly thing
 16111 | D:11     | Reached skill level 10 in Long Blades
 16221 | D:11     | Mangled by a komodo dragon

Illustrated notes

Levels and vault maps discovered:
D:1:      dpeg_arrival_subterranean_lakeside_camping, layout_basic,
          minmay_hexomino_r4
D:2:      layout_basic, overflow_temple_1_default, palyth_stone_intersect,
          fedhas_altar_4, uniq_robin
D:3:      layout_basic, uniq_grinder, uniq_jessica, uniq_crazy_yiuf_cottage
D:4:      layout_cave_pools, tso_metal_star, serial_column_ruins,
          column_ruins_grid_1, column_ruins_columns_straight,
          column_ruins_columns_straight, column_ruins_open_medium,
          column_ruins_columns_straight, column_ruins_open_tiny,
          column_ruins_grid_1, uniq_sigmund
D:5:      layout_basic, zin_angel, grunt_temple_overflow_cloverleaf,
          portal_sewer_entry_a, minmay_misc_feat_iff, uniq_ijyb, uniq_edmund,
          uniq_duvessa
D:6:      layout_rooms, ebering_ghost_sewer_d, mrwooster_statue_mirror,
          eino_curves_03, uniq_pikel, uniq_blork_the_orc
D:7:      layout_basic, nicolae_overflow_crystal_walls,
          pdpol_wu_jian_five_deadly_venoms, minmay_temple_entry_grid,
          serial_bayou, serial_bayou_pond_b, serial_bayou_crossing,
          serial_bayou_pond_b, serial_bayou_shore_b, serial_bayou_shore_a,
          serial_bayou_shore_b, uniq_menkaure
D:8:      layout_cave_pools, minmay_misc_feat_cross, fountainhead, uniq_erica
D:9:      minmay_angry_zag, layout_cave_pods, enter_bailey_5,
          serial_column_ruins, column_ruins_open_tiny,
          column_ruins_corridor_straight, column_ruins_open_small,
          column_ruins_open_small_water, hangedman_fish_farm
D:10:     cheibrodos_helix_gallery, layout_grid_maze
D:11:     lemuel_reptile_caves, layout_basic, lair_entry_dummy, orc_0_dummy,
          serial_shops, shop, minmay_quadrilaterals
Temple:   dshaligram_water_room_temple

Skill      XL: |  1  2  3  4  5  6  7  8  9 10 11 |
---------------+----------------------------------+-----
Armour         | 1 2 3 4 5 6 8 9 |  9.5
Long Blades    | 3 4 5 6 7 8 10 | 10.0
Dodging        | 3 4 5 6 8 |  8.0
Fighting       | 3 4 5 6 7 8 |  8.3
Shields        | 1 2 3 4 |  4.0
Throwing       | |  1.7

Action                   |  1- 3 |  4- 6 |  7- 9 | 10-12 || total
-------------------------+-------+-------+-------+-------++-------
Melee: Long sword        |   111 |   174 |   643 |   801 ||  1729
Throw: Throwing net      |       |       |     3 |     4 ||     7
Evoke: Wand              |       |       |     1 |    16 ||    17
  Use: Scroll            |       |     4 |    10 |    18 ||    32
       Potion            |       |     3 |    10 |     6 ||    19
 Stab: Invisible         |       |       |     2 |       ||     2
       Held in net/web   |       |       |       |     1 ||     1
       Sleeping          |       |       |       |     1 ||     1
Armor: Leather armour    |    31 |       |       |   164 ||   195
       Ring mail         |    28 |   133 |   342 |    39 ||   542
Dodge: Dodged            |   113 |   128 |   495 |   596 ||  1332
Block: Buckler           |       |    26 |   180 |   207 ||   413
       Rpst.: Long sword |    30 |    46 |   147 |   150 ||   373
